 Dungeon Crawl Stone Soup version 0.30-a0-358-g0d69a1922f (webtiles) character file.

Game seed: 3910869429843758197

76 koil the Chopper (level 4, -1/38 HPs)
             Began as a Hill Orc Reaver on Nov 8, 2022.
             Killed by divine providence
             ... invoked by an orc priest
              (12 damage)
             ... on level 3 of the Dungeon.
             The game lasted 00:05:20 (1973 turns).

koil the Chopper (Hill Orc Reaver)                  Turns: 1973, Time: 00:05:20

Health: -1/38      AC:  3    Str: 14    XL:     4   Next: 32%
Magic:  7/7        EV: 11    Int: 15    God:
Gold:   164        SH:  0    Dex:  9    Spells: 6/7 levels left

rFire   . . .      SeeInvis .    n - +0 war axe
rCold   . . .      Faith    .    (no shield)
rNeg    . . .      Spirit   .    b - +0 leather armour
rPois   .          Reflect  .    (no helmet)
rElec   .          Harm     .    (no cloak)
rCorr   .          Rampage  .    (no gloves)
Will    .....                    (no boots)
Stlth   +.........               (no amulet)
HPRegen 0.26/turn                (no ring)
MPRegen 0.10/turn                (no ring)

@: brilliant, attractive
A: no striking features
a: Convert to Beogh


You were on level 3 of the Dungeon.
You visited 1 branch of the dungeon, and saw 3 of its levels.

You collected 164 gold pieces.

Inventory:

Hand Weapons
 a - a +0 hand axe
 n - a +0 war axe (weapon)
Missiles
 e - 3 poisoned darts
Armour
 b - a +0 leather armour (worn)
Jewellery
 k - a ring of ice
Scrolls
 c - 5 scrolls of identify {unknown}
 h - 3 scrolls of teleportation {unknown}
 i - a scroll of summoning {unknown}
 j - a scroll of fog {unknown}
 l - a scroll of enchant armour {unknown}
Potions
 d - 3 potions of curing
 f - 3 potions of cancellation
 g - a potion of brilliance
 m - a potion of attraction


   Skills:
 + Level 3.1 Fighting
 + Level 4.6 Axes
 + Level 1.4 Armour
 + Level 2.0 Dodging
 + Level 2.0 Spellcasting
 + Level 3.3 Conjurations


You had 6 spell levels left.
You knew the following spells:

 Your Spells              Type           Power      Damage    Failure   Level
a - Kiss of Death         Conj/Necr      36%        2d8       14%         1

Your spell library contained the following spells:

 Spells                   Type           Power      Damage    Failure   Level
 Momentum Strike          Conj/Tloc      18%        3d8       21%         2
 Hailstorm                Conj/Ice       9%         3d4       38%         3


Dungeon Overview and Level Annotations

Branches:
Dungeon (3/15)

Altars:


Message History

The orc closely misses you. The orc priest closely misses you.
It was a potion of brilliance.
You feel clever all of a sudden. The orc hits you with a +0 mace.
* * * LOW HITPOINT WARNING * * *
The orc priest misses you.
You feel better. The orc closely misses you. Something hits you.
* * * LOW HITPOINT WARNING * * *
The orc priest barely misses you.
It was a potion of attraction.
You feel attractive to monsters. The orc barely misses you. Something hits you.
* * * LOW HITPOINT WARNING * * *
The orc priest hits you with a +0 hand axe.
* * * LOW HITPOINT WARNING * * *
Unknown command.
You feel better. The orc barely misses you. Something hits you.
* * * LOW HITPOINT WARNING * * *
The orc priest closely misses you.
It was a potion of heal wounds.
You feel much better. The orc hits you with a +0 mace. Something hits you.
The orc priest hits you with a +0 hand axe.
You closely miss the orc priest.
The orc priest is heavily wounded.
You closely miss something. You barely miss the orc.
Something hits you but does no damage. The orc priest barely misses you.
The orc hits you with a +0 mace.
You closely miss the orc priest.
The orc priest is heavily wounded.
You hit the orc. You closely miss something. The orc barely misses you.
Something hits you but does no damage.
The orc priest mumbles some strange prayers to Beogh against you.
Pain shoots through your body!
* * * LOW HITPOINT WARNING * * *
You barely miss the orc priest.
The orc priest is heavily wounded.
You hit the orc. You miss something. Something hits you but does no damage.
The orc priest calls down the wrath of Beogh upon you.
Beogh smites you!
You die...

..# ^.........#
..#.#..........
....#..........
.:.............
#.............. .
#..<........... . #..
#.{oo............... .
###..###)@...........#....
.
.........)................
..
##...†...................
...
...##†...................
#.. .###.
#.................... ..
..##.##....................
#
......###...........†<.....
#
...............†....#.####
# #......................#


You could see an orc priest and an orc.

Vanquished Creatures
  2 adders (D:2)
  A dart slug (D:3)
  2 orcs (D:3)
  3 ball pythons
  8 bats
  3 endoplasms
  3 giant cockroaches
  4 goblins
  3 hobgoblins
  4 jackals (D:1)
  5 quokkas
  2 frilled lizards (D:1)
  6 kobolds
  2 rats
  5 plants (D:1)
53 creatures vanquished.

Notes
Turn   | Place    | Note
-------+----------+-------------------------------------------
     0 | D:1      | koil the Hill Orc Reaver began the quest for the Orb.
     0 | D:1      | Reached XP level 1. HP: 18/18 MP: 3/3
    44 | D:1      | HP: 3/18 [frozen (4)]
   192 | D:1      | Reached XP level 2. HP: 24/25 MP: 4/4
   505 | D:1      | Reached skill level 1 in Armour
   505 | D:1      | Reached XP level 3. HP: 19/30 MP: 5/5
   830 | D:2      | Found a faded altar of an unknown god.
  1773 | D:2      | Reached XP level 4. HP: 37/38 MP: 6/6
  1959 | D:3      | HP: 7/38 [orc priest/+0 hand axe (7)]
  1964 | D:3      | HP: 7/38 [orc/+0 mace (3)]
  1966 | D:3      | HP: 2/38 [orc/+0 mace (6)]
  1973 | D:3      | Killed from afar by an orc priest

Illustrated notes

Levels and vault maps discovered:
D:1:      lemuel_arrival_behind_the_door_large, layout_loops_ring,
          hangedman_decor_points, serial_bayou_ford_a, st_stairs_4
D:2:      layout_basic, basic_ecumenical_altar, minmay_vboxes
D:3:      layout_rooms, nicolae_yredelemnul_corpse_copse, uniq_sigmund

Skill      XL: |  1  2  3  4 |
---------------+-------------+-----
Armour         | 1 |  1.4
Fighting       | 3 |  3.1
Dodging        | 2 |  2.0
Spellcasting   | 2 |  2.0
Axes           | |  4.6
Conjurations   | |  3.3

Action                   |  1- 3 |  4- 6 || total
-------------------------+-------+-------++-------
Melee: Hand axe          |   173 |    24 ||   197
       Punch             |     2 |       ||     2
       War axe           |       |    16 ||    16
  Use: Potion            |       |     7 ||     7
Armor: Leather armour    |    65 |    25 ||    90
Dodge: Dodged            |   135 |    43 ||   178

Table legend: (Time is in decaauts)
 A = Elapsed time spent in this place.
 B = Non-inter-level travel time spent in this place.
 C = Inter-level travel time spent in this place.
 D = Time resting spent in this place.
 E = Time spent auto-exploring this place.
 F = Levels seen in this place.
 G = Mean time per level.
                   A        B        C        D        E       F      G
               +--------+--------+--------+--------+--------+-----+--------+
         Total |   2005 |   1965 |     40 |      0 |   1535 |   3 |  668.3 |
       Dungeon |   2005 |   1965 |     40 |      0 |   1535 |   3 |  668.3 |
               +--------+--------+--------+--------+--------+-----+--------+

Top non-repeatable levels by time:
     D:2: 946 daAuts
     D:1: 850 daAuts
     D:3: 208 daAuts
